 Dungeon Crawl Stone Soup version 0.15-a0-2293-g46567fe (webtiles) character file.

60 Charly the Insei (level 3, -3/29 HPs)
             Began as a Demonspawn Monk on July 30, 2014.
             Was a Believer of Cheibriados.
             Slain by an orc
             ... wielding a +0 flail
              (8 damage)
             ... on Level 4 of the Dungeon.
             The game lasted 00:07:09 (524 turns).

Charly the Insei (Demonspawn Monk)                   Turns: 524, Time: 00:07:09

HP  -3/29        AC  2     Str 17      XL: 3   Next: 80%
MP   0/3         EV 13     Int 16      God: Cheibriados [**....]
Gold 23          SH  0     Dex 20      Spells:  0 memorised,  2 levels left

rFire  . . .     SeeInvis .       - Unarmed
rCold  . . .     Clarity  .     a - +0 robe
rNeg   . . .     rCorr    .     (no shield)
rPois  .         rRot     .     (no helmet)
rElec  .         Spirit   +     (no cloak)
SustAb .         Warding  .     (no gloves)
rMut   .         Stasis   .     (no boots)
Gourm  .                        (no amulet)
MR     .....                    (no ring)
                                (no ring)

@: very slow, not resistant to hostile enchantments, unstealthy
A: magic shield
a: Bend Time, Renounce Religion


You were on level 4 of the Dungeon.
You worshipped Cheibriados.
Cheibriados was pleased with you.
You were not hungry.

You visited 1 branch of the dungeon, and saw 5 of its levels.

You collected 23 gold pieces.

Inventory:

Armour
 a - a +0 robe (worn)
 e - a +0 pair of boots
Magical devices
 h - a wand of disintegration (11)
Comestibles
 b - a bread ration
 c - a beef jerky
 i - 2 chunks of worker ant flesh
 k - a chunk of worker ant flesh
Potions
 d - a potion of curing {unknown}
 g - a potion of magic {unknown}
 j - a potion of might {unknown}
Books
 f - a book of Changes

   Spells                             Type                      Level
   Beastly Appendage                  Transmutation                1
   Sticks to Snakes                   Transmutation                2
   Spider Form                        Transmutation/Poison         3
   Ice Form                           Ice/Transmutation            4
   Blade Hands                        Transmutation                5


   Skills:
 - Level 3.0 Fighting
 - Level 2.6 Dodging
 - Level 1.7 Stealth
 + Level 5.0 Unarmed Combat


You had 2 spell levels left.
You didn't know any spells.

Dungeon Overview and Level Annotations

Branches:
Dungeon (5/15)
 Temple: D:4-7

Altars:
Cheibriados
Kikubaaqudgha


Innate Abilities, Weirdness & Mutations

When hurt, damage is shared between your health and your magic reserves.


Message History

The orc is severely wounded.
The orc hits you with a flail! The worker ant barely misses you.
You climb upwards.
There is a stone staircase leading down here.
You closely miss the worker ant.
The worker ant is severely wounded.
The worker ant closely misses you. The orc closely misses you.
You barely miss the worker ant.
The worker ant is severely wounded.
The worker ant bites you.
* * * LOW HITPOINT WARNING * * *
The orc hits you with a flail.
* * * LOW HITPOINT WARNING * * *
You hit the worker ant but do no damage.
The worker ant is severely wounded.
The worker ant barely misses you.
You barely miss the worker ant.
The worker ant is severely wounded.
The orc hits you with a flail!
You die...

#.##.#
#..#.#########
#......%....#
#.#.#######.#####
#.#.#...........#
#...#.#####.##.##
#...# #.##.#
#.o.# #.##.#
#.#@# #.##.#
#.#a# #.##.#
#.#.# #.##.#
#.#.# ..##.# #.#
####.# ### #.#
#.# ..# #.# #.#
#.# #.# #.# #.#
#.# #.#


You could see a worker ant and an orc.

Vanquished Creatures
  A worker ant (D:4)
  A giant mite (D:2)
  An adder skeleton (D:4)
  2 giant geckos
  An ooze (D:2)
  3 goblins
  3 hobgoblins
  4 kobolds
  3 bats
  4 rats
23 creatures vanquished.

Notes
Turn   | Place    | Note
--------------------------------------------------------------
     0 | D:1      | Charly, the Demonspawn Monk, began the quest for the Orb.
     0 | D:1      | Reached XP level 1. HP: 18/18 MP: 1/1
   106 | D:1      | Reached skill level 4 in Unarmed Combat
   149 | D:1      | Gained mutation: When hurt, damage is shared between your health and your magic reserves. [demonic ancestry]
   149 | D:1      | Reached XP level 2. HP: 6/24 MP: 2/2
   242 | D:2      | Found a snail-covered altar of Cheibriados.
   255 | D:2      | Became a worshipper of Cheibriados the Contemplative
   267 | D:2      | Found an ancient bone altar of Kikubaaqudgha.
   400 | D:3      | Reached XP level 3. HP: 13/29 MP: 3/3
   494 | D:4      | Reached skill level 5 in Unarmed Combat
   516 | D:5      | Entered Level 5 of the Dungeon
   524 | D:4      | Slain by an orc

Action                   || total
-------------------------++-------
Melee: Unarmed           ||    86
 Abil: Evoke Berserk Rag ||     2
Evoke: Wand              ||     2
  Use: Scroll            ||     4
